 Dungeon Crawl Stone Soup version 0.30-b1-5-g8e6c1be481 (webtiles) character file.

Game seed: 11483202507299380054

96 Mysteryquy the Covered (level 4, -2/37 HPs)
             Began as a Barachi Fighter on May 4, 2023.
             Slain by a gnoll
             ... wielding a +0 whip of venom
              (7 damage)
             ... on level 1 of the Dungeon.
             The game lasted 00:01:50 (1435 turns).

Mysteryquy the Covered (Barachi Fighter)            Turns: 1435, Time: 00:01:51

Health: -2/37      AC: 10    Str: 20    XL:     4   Next: 67%
Magic:  4/4        EV:  9    Int:  8    God:
Gold:   62         SH:  4    Dex: 11    Spells: 3/3 levels left

rFire   . . .        a - +0 war axe
rCold   . . .        c - +0 buckler
rNeg    . . .        j - +3 scale mail
rPois   .            (no helmet)
rElec   .            l - scarf {repulsion}
rCorr   .            (no gloves)
SInv    .            (no boots)
Will    .....        (no amulet) Stlth
                     (no ring)
HPRegen 0.26/turn    (no ring)
MPRegen 0.09/turn

%: repel missiles
@: lethally poisoned (-2 -> -12), slow
A: amphibious, slowness 1, strong legs 1, +LOS
a: Hop


You were on level 1 of the Dungeon.
You visited 1 branch of the dungeon, and saw 2 of its levels.

You collected 62 gold pieces.

Inventory:

Hand Weapons
 a - a +0 war axe (weapon)
Armour
 b - a +0 scale mail
 c - a +0 buckler (worn)
 j - a +3 scale mail (worn)
 l - a scarf of repulsion (worn)
Jewellery
 k - a ring of protection from fire
Scrolls
 e - a scroll of poison {unknown}
 g - a scroll of identify {unknown}
 h - 3 scrolls of enchant armour {unknown}
 i - 2 scrolls of magic mapping {unknown}
 m - a scroll of noise {unknown}
 n - a scroll of fear {unknown}
 r - a scroll of blinking {unknown}
 s - a scroll of torment {unknown}
 t - a scroll of enchant weapon {unknown}
Potions
 d - 2 potions of might
 f - 2 potions of lignification {unknown}
 o - a potion of curing {unknown}
 p - a potion of haste {unknown}
 q - a potion of flight {unknown}


   Skills:
 + Level 4.0 Fighting
 + Level 3.7 Axes
 + Level 4.3 Armour
 + Level 0.5 Dodging
 + Level 3.9 Shields


You had 3 spell levels left.
You didn't know any spells.
Your spell library was empty.

Dungeon Overview and Level Annotations

Branches:
Dungeon (2/15)

Altars:


Innate Abilities, Weirdness & Mutations

You are amphibious.
You cover ground slowly.
You can hop short distances.
You have an extended range of vision and can be seen from far away.


Message History

No target in view!
You climb downwards.
You block the bat's attack. The gnoll hits you but does no damage.
You are poisoned.
The gnoll hits you with a +0 flail. The bat completely misses you.
You block the gnoll's attack. x2
There is a stone staircase leading up here.
You feel very sick. The bat hits you but does no damage.
The gnoll hits you but does no damage.
The gnoll hits you with a +0 whip of venom.
You are more poisoned.
You climb upwards.
You feel very sick.
There is a stone staircase leading down here.
You hit the gnoll.
The gnoll is moderately wounded.
You hit the gnoll but do no damage.
You feel very sick. The gnoll hits you with a +0 flail.
You block the gnoll's attack.
You are too injured to fight recklessly!
You are too injured to fight recklessly!
You are too injured to fight recklessly!
You are too injured to fight recklessly!
You are too injured to fight recklessly!
You are too injured to fight recklessly!
You are too injured to fight recklessly!
You closely miss the gnoll. You barely miss the gnoll.
You feel very sick. The gnoll hits you but does no damage.
The gnoll hits you with a +0 whip of venom.
* * * LOW HITPOINT WARNING * * *
You are lethally poisoned!
You hit the gnoll.
The gnoll is moderately wounded.
You hit the gnoll.
* * * LOW HITPOINT WARNING * * *
You feel very sick. The gnoll hits you but does no damage.
The gnoll barely misses you. x2
The gnoll hits you with a +0 whip of venom!
You die...

#### ############## #...
#............# #...
#............# #... ######
#............# #...
#####....######.g..........#
#...
#.............'.@..........#
#...
#.###....######.)g.........#
#... #.# #..).#
##.##.##########... #.#
#....# ##.##..............
#.# #....#
#.........######... #.#
###### #.........# #...
#.####### #)........# #...
...#....# ##.######## #...
#..#....########.###### #...


You could see 2 gnolls.

Vanquished Creatures
  A gnoll (D:1)
  5 adders (D:2)
  A worm (D:2)
  A dart slug (D:2)
  3 ball pythons
  3 bats
  4 endoplasms
  A giant cockroach (D:1)
  3 goblins
  3 hobgoblins
  2 jackals
  2 quokkas (D:1)
  6 frilled lizards
  A kobold (D:2)
  4 rats
40 creatures vanquished.

Notes
Turn   | Place    | Note
-------+----------+-------------------------------------------
     0 | D:1      | Mysteryquy the Barachi Fighter began the quest for the Orb.
     0 | D:1      | Reached XP level 1. HP: 18/18 MP: 1/1
   177 | D:1      | Reached XP level 2. HP: 25/25 MP: 2/2
  1074 | D:2      | Reached XP level 3. HP: 26/30 MP: 3/3
  1268 | D:2      | Reached XP level 4. HP: 20/37 MP: 4/4
  1435 | D:1      | Slain by a gnoll

Illustrated notes

Levels and vault maps discovered:
D:1:      lightli_arrival_quake, layout_basic
D:2:      layout_rooms

Skill      XL: |  1  2  3 |
---------------+----------+-----
Armour         | 4 |  4.3
Axes           | 3 |  3.7
Fighting       | 4 |  4.0
Dodging        | |  0.5
Shields        | |  3.9

Action                     |  1- 3 |  4- 6 || total
---------------------------+-------+-------++-------
  Melee: War axe           |   119 |    21 ||   140
 Armour: Scale mail        |    72 |    34 ||   106
  Dodge: Dodged            |    74 |    24 ||    98
  Block: Buckler           |    35 |    16 ||    51
